Map: Dusk Towers

Players

Trizztein

  • Race: Terran Terran
  • League: Platinum

CrowbarSpine - Winner!

  • Race: Zerg Zerg
  • League: Platinum

VOD

Have the link to the VOD?

Description

Time

  • Played on: Feb. 6, 2016, 8:15 a.m.
  • Length: 26:20
Show
View Real Time Build Order
Export as new Build Order

Trizztein Terran 

Build Orders: Reaper Expand, Hellion Banshee, Mech 

Get SALT Encoding   

  12  0:01  SCV  
  13  0:13  SCV  
  14  0:17  Supply Depot  
  14  0:26  SCV  
  15  0:39  SCV  
  15  0:40  Barracks  
  16  0:44  Refinery  
  16  0:51  SCV  
  17  1:03  SCV  
  18  1:15  SCV  
  19  1:29  Orbital Command  
  19  1:30  Reaper  
  20  1:42  Command Center  
  20  1:55  SCV  
  21  2:01  Marine  
  21  2:03  Supply Depot  
  21  2:06  Refinery  
  22  2:09  SCV  
  23  2:16  Factory  
  23  2:25  SCV  
  23  2:26  Barracks Reactor  
  24  2:37  SCV  
  25  2:49  SCV  
  26  2:54  Orbital Command  
  26  3:02  Starport  
  26  3:08  SCV  
  31  3:13  Hellion x2  
  31  3:20  Barracks Tech Lab, SCV  
  31  3:21  SCV  
  33  3:32  SCV  
  33  3:33  SCV  
  35  3:38  Hellion  
  35  3:39  Hellion  
  39  3:44  Supply Depot, SCV  
  39  3:45  SCV  
  39  3:46  Cloaking Field  
  41  3:49  Banshee  
  44  3:56  SCV  
  44  3:57  SCV  
  46  4:06  Hellion x2  
  46  4:08  SCV  
  46  4:09  Supply Depot, SCV  
  52  4:11  Supply Depot  
  52  4:16  Refinery  
  52  4:18  Refinery  
  52  4:20  SCV  
  53  4:29  SCV  
  54  4:32  SCV, Banshee  
  54  4:34  Supply Depot  
  58  4:38  Widow Mine x2  
  58  4:41  SCV  
  63  4:51  SCV  
  64  4:59  Command Center  
  64  5:04  SCV  
  65  5:11  SCV  
  66  5:16  Supply Depot, SCV  
  66  5:20  Supply Depot  
  67  5:23  SCV  
  67  5:28  SCV  
  69  5:33  Banshee  
  69  5:35  SCV  
  73  5:39  Factory  
  73  5:41  Armory x2  
  73  5:42  Factory  
  73  5:44  SCV  
  73  5:47  SCV  
  73  5:48  Engineering Bay  
  75  5:56  SCV  
  76  5:59  SCV  
  77  6:08  SCV  
  78  6:11  SCV  
  78  6:13  Barracks Tech Lab  
  78  6:16  Missile Turret  
  79  6:20  SCV  
  79  6:21  Orbital Command  
  79  6:23  SCV  
  75  6:33  SCV  
  75  6:35  Factory Tech Lab x2  
  75  6:36  SCV  
  75  6:37  Terran Vehicle Weapons Level 1, Terran Vehicle And Ship Armor Level 1  
  77  6:40  Widow Mine x2  
  77  6:45  SCV  
  82  6:48  SCV  
  82  6:50  Supply Depot x2, SCV  
  82  6:51  Starport Reactor  
  84  6:57  SCV  
  84  7:00  SCV  
  86  7:02  SCV  
  86  7:05  Siege Tank x2  
  93  7:09  SCV  
  93  7:12  SCV  
  95  7:15  SCV  
  95  7:17  Liberator x2  
  95  7:19  Widow Mine x2  
  95  7:21  SCV  
  101  7:24  SCV  
  101  7:28  SCV  
  103  7:31  Infernal Pre-Igniter  
  103  7:36  SCV x2  
  114  7:37  Siege Tank  
  114  7:38  Refinery  
  114  7:39  Refinery  
  114  7:40  SCV  
  114  7:41  Supply Depot  
  114  7:42  Supply Depot  
  114  7:43  Supply Depot  
  115  7:44  Missile Turret  
  115  7:45  Missile Turret  
  115  7:48  SCV x2  
  117  7:52  SCV  
  117  7:58  Hellion x3  
  124  8:01  SCV  
  124  8:03  SCV  
  124  8:04  SCV  
  127  8:06  Missile Turret  
  127  8:09  Hellion  
  129  8:13  SCV  
  129  8:17  Missile Turret, Medivac x2  
  134  8:20  Missile Turret  
  134  8:23  SCV x2  
  136  8:29  Siege Tank, Hellion x2  
  136  8:30  Siege Tank  
  136  8:33  Terran Vehicle Weapons Level 2, Terran Vehicle And Ship Armor Level 2  
  146  8:35  SCV x2  
  146  8:37  SCV  
  149  8:42  Liberator x2  
  149  8:54  Supply Depot  
  149  8:55  Supply Depot  
  149  8:58  Supply Depot  
  149  8:59  SCV x2  
  157  9:06  Siege Tank, SCV  
  157  9:07  Hellion x2  
  165  9:16  Hellion  
  167  9:17  Factory  
  167  9:19  Factory  
  167  9:21  Command Center  
  167  9:28  Hellion x2  
  167  9:29  SCV x2  
  173  9:44  SCV  
  174  9:51  Siege Tank x2  
  180  10:08  SCV x2  
  176  10:15  Hellion x2  
  176  10:16  Factory Tech Lab x2  
  174  10:22  Factory Reactor  
  174  10:23  Siege Tank, Hellion  
  179  10:51  Sensor Tower  
  172  11:10  Planetary Fortress  
  170  11:27  Refinery  
  170  11:30  Missile Turret  
  170  11:31  Refinery  
  170  11:32  Barracks  
  170  11:33  Liberator  
  170  11:34  Barracks, Missile Turret, Liberator  
  170  11:35  Missile Turret  
  170  11:36  Barracks  
  170  11:37  Starport, Siege Tank, Missile Turret, Hellion x3  
  170  11:39  Starport  
  179  11:41  Starport  
  179  11:43  Hellion x3  
  191  11:59  Siege Tank  
  194  12:02  Fusion Core  
  194  12:03  Ghost Academy  
  194  12:04  Siege Tank  
  197  12:09  Siege Tank  
  200  12:20  Missile Turret  
  197  12:31  Siege Tank  
  197  12:34  Hellion x3  
  196  12:51  Liberator  
  196  13:11  Missile Turret  
  199  13:13  Missile Turret  
  199  13:14  Missile Turret  
  199  13:15  Starport Tech Lab x3  
  199  13:17  Personal Cloaking  
  199  13:19  Barracks Tech Lab x3  
  199  13:25  Supply Depot  
  199  13:40  Hellion x5  
  199  13:45  SCV  
  184  14:30  Terran Vehicle Weapons Level 3  
  184  14:35  Terran Ship Weapons Level 1  
  178  15:17  Battlecruiser  
  178  15:18  Battlecruiser x2  
  194  15:37  Liberator x2  
  190  15:51  Hi-Sec Auto Tracking  
  196  16:06  Advanced Ballistics  
  196  16:10  High Capacity Fuel Tanks  
  188  16:41  Siege Tank  
  188  16:42  Siege Tank x2, Banshee  
  200  16:48  Building Armor  
  200  17:01  Command Center  
  200  17:04  Command Center  
  197  17:12  Ghost  
  187  17:37  Medivac  
  187  17:38  Battlecruiser  
  195  18:03  Ghost x2  
  198  19:11  Viking  
  181  19:33  Battlecruiser x3  
  173  20:21  Viking  
  173  20:22  Viking  
  166  20:36  Terran Ship Weapons Level 2  
  166  20:37  Battlecruiser x3  
  166  20:40  Weapon Refit  
  184  20:46  Planetary Fortress  
  178  20:51  Viking  
  168  21:05  Viking  
  170  21:21  Viking  
  172  21:35  Viking  
  172  21:37  Ghost  
  172  21:38  Ghost x3, Command Center  
  176  21:41  Command Center, Battlecruiser x2  
  176  21:42  Battlecruiser  
  192  22:02  Refinery  
  192  22:04  Refinery  
  192  22:06  Ghost  
  191  22:16  Planetary Fortress  
  167  22:38  Viking x2  
  171  22:46  Battlecruiser  
  130  23:43  Battlecruiser  
  130  23:47  Viking  
  130  23:48  Viking  
  122  24:05  Hellion x7  
  136  24:26  Hellion x2  
  136  24:27  Hellion x4  
  148  24:36  Missile Turret  
  148  24:38  Missile Turret  
  140  24:39  Liberator x3  
  140  24:41  Refinery, Missile Turret  
  140  24:44  Missile Turret  
  149  25:14  Command Center  
  119  25:41  Missile Turret x2  
  119  25:43  Missile Turret  
  119  25:44  Hellion x4  
  119  25:45  Hellion x2  
Show
View Real Time Build Order
Export as new Build Order

CrowbarSpine Zerg - Winner!

Build Orders: Hatch First 

Get SALT Encoding   

  12  0:01  Drone  
  13  0:12  Overlord  
  13  0:17  Drone  
  14  0:31  Drone  
  14  0:32  Drone  
  17  0:35  Drone  
  17  0:45  Drone  
  18  0:58  Hatchery  
  18  1:01  Drone  
  18  1:15  Spawning Pool  
  17  1:24  Drone  
  19  1:25  Drone  
  19  1:30  Drone  
  20  1:39  Drone  
  21  1:52  Hatchery  
  20  2:01  Queen  
  22  2:10  Queen  
  22  2:13  Overlord  
  24  2:16  Drone  
  25  2:25  Drone  
  25  2:26  Drone x2  
  28  2:31  Drone  
  28  2:32  Drone  
  28  2:51  Queen  
  28  2:52  Queen  
  28  2:54  Overlord  
  32  3:01  Drone  
  32  3:02  Drone x2  
  32  3:03  Drone  
  36  3:06  Drone  
  36  3:12  Queen  
  39  3:32  Drone  
  39  3:33  Drone x9  
  49  3:42  Overlord  
  49  3:48  Queen, Extractor x2  
  49  3:50  Extractor  
  49  3:51  Extractor  
  47  4:02  Roach Warren, Drone x6  
  52  4:06  Spore Crawler  
  52  4:09  Spore Crawler  
  47  4:50  Drone x11  
  47  4:51  Overlord x3  
  58  4:58  Lair  
  58  5:12  Roach  
  58  5:13  Roach x8  
  70  5:48  Ravager x2  
  70  5:49  Drone, Ravager x2  
  75  5:50  Drone x7  
  80  6:10  Extractor  
  79  6:11  Extractor  
  79  6:13  Drone x2  
  79  6:14  Drone x2  
  82  6:25  Hatchery  
  81  6:28  Hydralisk Den  
  81  6:31  Overseer  
  81  6:32  Overseer  
  80  6:33  Roach  
  80  6:34  Overlord x2  
  80  6:35  Overlord  
  82  6:43  Overlord x2  
  82  7:07  Roach x5  
  82  7:08  Roach x13  
  118  7:18  Overseer x2  
  118  7:24  Drone x4  
  118  7:26  Overlord x2  
  122  7:33  Evolution Chamber, Drone  
  122  7:35  Evolution Chamber, Drone, Overlord  
  122  7:40  Queen  
  124  7:44  Ravager x3  
  124  7:45  Ravager  
  124  7:48  Glial Reconstitution  
  128  8:08  Drone  
  128  8:09  Drone x11  
  128  8:12  Overlord  
  140  8:21  Ravager x3  
  140  8:24  Infestation Pit  
  142  8:54  Spire  
  141  8:56  Ravager  
  141  8:57  Ravager x4  
  141  9:00  Drone  
  141  9:01  Drone x9  
  141  9:02  Overlord x5  
  156  9:03  Overlord  
  156  9:19  Extractor  
  156  9:22  Pathogen Glands  
  155  9:24  Infestor x3  
  155  9:30  Extractor  
  160  9:44  Overseer  
  159  10:13  Drone  
  155  10:14  Drone x14  
  155  10:18  Queen  
  155  10:20  Hive  
  170  10:21  Zerg Ground Armor Level 1, Zerg Missile Weapons Level 1  
  170  10:37  Corruptor x6  
  170  10:39  Drone  
  170  10:40  Drone x17  
  196  11:41  Hatchery  
  195  11:52  Hatchery  
  194  12:00  Hatchery  
  184  12:08  Roach  
  184  12:09  Roach x8  
  184  12:13  Ultralisk Cavern  
  197  12:35  Roach  
  199  12:37  Overlord x2  
  199  12:38  Drone  
  184  12:57  Greater Spire  
  180  13:10  Zerg Missile Weapons Level 2, Zerg Ground Armor Level 2  
  180  13:14  Queen  
  182  13:29  Queen  
  182  13:30  Queen  
  186  13:35  Ravager x2  
  186  13:36  Ravager x5  
  193  13:46  Chitinous Plating  
  193  13:50  Ravager x2  
  193  13:51  Ravager x4  
  193  13:52  Ravager  
  200  13:57  Extractor  
  200  13:58  Extractor  
  194  14:28  Ultralisk  
  200  15:26  Zerg Melee Weapons Level 1  
  200  15:43  Extractor  
  200  15:45  Extractor  
  200  15:48  Zerg Ground Armor Level 3  
  198  15:50  Zerg Flyer Weapons Level 1  
  198  15:54  Overseer  
  198  16:03  Adrenal Glands  
  198  16:10  Brood Lord  
  191  16:40  Corruptor  
  191  16:41  Corruptor x3  
  191  16:46  Drone  
  197  17:20  Zerg Missile Weapons Level 3  
  197  17:22  Brood Lord x3  
  194  17:23  Corruptor x3  
  200  17:35  Metabolic Boost  
  200  17:58  Overseer x2  
  200  18:23  Zerg Flyer Armor Level 1  
  200  18:25  Zerg Melee Weapons Level 2  
  200  18:42  Extractor  
  200  18:45  Extractor  
  194  19:35  Corruptor x3  
  200  19:44  Corruptor  
  200  19:45  Corruptor x5  
  192  20:16  Zerg Flyer Weapons Level 2  
  192  20:19  Corruptor  
  192  20:20  Corruptor x3  
  165  20:52  Corruptor x6  
  165  20:59  Roach x14  
  165  21:00  Roach x3  
  184  21:17  Ultralisk x3  
  192  22:05  Corruptor  
  192  22:06  Corruptor x3  
  198  22:22  Corruptor x3  
  186  22:32  Zerg Flyer Armor Level 2  
  186  22:33  Corruptor x4  
  186  22:34  Corruptor x10  
  188  22:46  Corruptor  
  188  22:47  Corruptor x5  
  188  23:31  Corruptor x6  
  188  23:32  Corruptor x11  
  188  23:33  Corruptor x4  
  200  23:39  Corruptor  
  200  23:40  Corruptor x11  
  200  23:47  Corruptor x5  
  200  23:48  Corruptor x3  
  192  24:01  Ultralisk x2  
  200  24:24  Overseer x2  
  194  25:07  Ultralisk  
  190  25:34  Brood Lord x3  
  190  25:35  Brood Lord x2  
Tags
 
Add a new tag
Caveats
  • Supply blocks, unpowered buildings, or Contaminate may cause inaccurate times.
  • Supply counts are checked every 10 seconds.